 Dungeon Crawl Stone Soup version 0.28-a0-1486-g8196b01e9b (webtiles) character file.

Game seed: 14329745545589342457

457 Cheeritup the Conjurer (level 6, -7/47 HPs)
             Began as a Draconian Conjurer on Jan 12, 2022.
             Was an Initiate of Vehumet.
             Mangled by a gnoll (13 damage)
             ... on level 4 of the Dungeon.
             The game lasted 00:22:58 (4569 turns).

Cheeritup the Conjurer (Draconian Conjurer)         Turns: 4569, Time: 00:22:58

Health: -7/47      AC:  6    Str:  9    XL:     6   Next: 77%
Magic:  1/10       EV: 13    Int: 20    God:    Vehumet [......]
Gold:   120        SH:  0    Dex: 16    Spells: 1/11 levels left

rFire   . . .      SeeInvis .   p - +0 whip (elec)
rCold   . . .      Faith    .   (no shield)
rNeg    . . .      Spirit   .   (armour unavailable)
rPois   .          Reflect  .   (helmet restricted)
rElec   .          Harm     .   (no cloak)
rCorr   .          Rampage  .   (no gloves)
Will    .....                   (no boots)
Stlth   ++........              (no amulet)
HPRegen 0.15/turn               e - ring of wizardry
MPRegen 0.12/turn               g - +6 ring of dexterity

@: lethally poisoned (-7 -> -12), about to teleport, slowed, very slow
A: AC +6, unfitting armour, cold-blooded
a: Renounce Religion


You were on level 4 of the Dungeon.
You worshipped Vehumet.
Vehumet was noncommittal.
You visited 1 branch of the dungeon, and saw 5 of its levels.

You collected 120 gold pieces.

Inventory:

Hand Weapons
 c - a +0 trident
 h - a +0 dagger of venom
 j - a +1 whip of pain
 o - a +0 halberd
 p - a +0 whip of electrocution (weapon)
Missiles
 f - 2 boomerangs
Magical Staves
 t - a staff of conjuration
Jewellery
 e - a ring of wizardry (left hand)
 g - a +6 ring of dexterity (right hand)
Potions
 b - a potion of heal wounds {unknown}
 i - a potion of invisibility {unknown}
 k - a potion of berserk rage {unknown}
 l - 3 potions of curing {unknown}
 m - a potion of might {unknown}
 q - a potion of attraction {unknown}


   Skills:
 - Level 1.0 Fighting
 + Level 3.1 Dodging
 - Level 3.3 Stealth
 + Level 3.3 Spellcasting
 + Level 5.4 Conjurations
 + Level 1.6 Hexes
 + Level 1.8 Evocations


You had one spell level left.
You knew the following spells:

 Your Spells              Type           Power      Damage    Failure   Level
a - Magic Dart            Conj           96%        1d7       1%          1
b - Searing Ray           Conj           48%        2d6       1%          2
c - Dazzling Flash        Conj/Hex       34%        N/A       4%          3
d - Fulminant Prism       Conj/Hex       8%         3d7       13%         4

Your spell library contained the following spells:

 Spells                   Type           Power      Damage    Failure   Level
 Iskenderun's Mystic Bla  Conj/Tloc      14%        2d5       17%         4


Dungeon Overview and Level Annotations

Branches:
Dungeon (5/15)
 Temple: D:4-7

Altars:
Fedhas
Gozag
Makhleb
Vehumet

Shops:
D:2 =


Innate Abilities, Weirdness & Mutations

Your plain brown scales are hard. (AC +6)
You cannot fit into any form of body armour.
You are cold-blooded and may be slowed by cold attacks.


Message History

The phantom is heavily damaged.
You hear a shout! x2
Casting: Fulminant Prism (quite dangerous; 13% risk of failure)
Confirm with . or Enter, or press ? or * to list all spells.
The spell is quite dangerous to miscast (13% risk of failure)!
Continue anyway?
Aiming: Fulminant Prism (quite dangerous; 13% risk of failure)
Press: ? - help, Dir - move target You conjure a prism of explosive energy!
A fulminant prism comes into view.
Your fulminant prism crackles loudly.
Your fulminant prism explodes!
The blast of energy engulfs the phantom.
The phantom is severely damaged.
The blast of energy engulfs you!!
Casting: Fulminant Prism (quite dangerous; 13% risk of failure)
Confirm with . or Enter, or press ? or * to list all spells.
Aiming: Searing Ray (safe; 1% risk of failure)
Press: ? - help, Shift-Dir - straight line, f - phantom
Aim: a phantom (severely damaged, 71% to hit)
The searing ray hits the phantom but does no damage.
The phantom is severely damaged. (Press . to maintain the ray.) Unknown command.
As you read the scroll of teleportation, it crumbles to dust.
You feel strangely unstable. The phantom hits you.
* * * LOW HITPOINT WARNING * * *
The phantom blinks!
You blink.
Your surroundings suddenly seem different.
A kobold brigand comes into view.
It is wielding a +0 short sword and quivering curare-tipped darts.
The gnoll misses you.
As you read the scroll of teleportation, it crumbles to dust.
You feel strangely unstable.
The kobold brigand throws a curare-tipped dart.
The curare-tipped dart hits you.
You are poisoned.
You have difficulty breathing.
* * * LOW HITPOINT WARNING * * *
You feel yourself slow down.
The gnoll hits you from afar with a +0 halberd!
You die...

#######.....###.#
#...)......####.#######
#.####....##..........#
###.##.....##..##)#####.#
#.W.>.....##....#O#
#.#.##...##....(..#
#.#.....##....#####
#.#######..g..# #.#
#..K.@# ... #...##'# #.#
#.O# ...# ##.###.##..
.....# ..#.#.### .......#
.#..g. ..(......# .....
'.........'. ##...
##.........## ..) ...


You could see a kobold brigand and a gnoll.

Vanquished Creatures
  2 ogres (D:4)
  A gnoll shaman (D:3)
  An iguana (D:5)
  2 orc wizards (D:3)
  7 gnolls
  5 adders
  A white imp (D:3)
  A worm (D:4)
  A dart slug (D:1)
  3 orcs (D:3)
  10 ball pythons
  3 bats
  11 endoplasms
  3 giant cockroaches
  6 goblins
  4 hobgoblins (D:1)
  4 jackals (D:3)
  A quokka (D:1)
  A frilled lizard (D:3)
  6 kobolds
  2 rats (D:1)
75 creatures vanquished.

Vanquished Creatures (others)
  5 fulminant prisms (D:4)
  2 fungi (D:3)
7 creatures vanquished.

Grand Total: 82 creatures vanquished

Notes
Turn   | Place    | Note
-------+----------+-------------------------------------------
     0 | D:1      | Cheeritup the Draconian Conjurer began the quest for the
                  | Orb.
     0 | D:1      | Reached XP level 1. HP: 14/14 MP: 3/3
   250 | D:1      | Reached XP level 2. HP: 20/20 MP: 0/5
   535 | D:1      | Learned a level 2 spell: Searing Ray
   956 | D:1      | Reached XP level 3. HP: 27/27 MP: 6/6
  1265 | D:2      | Reached skill level 1 in Fighting
  1457 | D:2      | Found Qotaiwut's Jewellery Shop.
  1771 | D:3      | Reached XP level 4. HP: 17/35 MP: 1/7
  2357 | D:3      | Reached XP level 5. HP: 40/40 MP: 4/8
  2454 | D:3      | Learned a level 3 spell: Dazzling Flash
  2673 | D:3      | Found a burning altar of Makhleb.
  2688 | D:3      | Reached skill level 5 in Conjurations
  2864 | D:3      | Found a faded altar of an unknown god.
  2946 | D:3      | Found a blossoming altar of Fedhas.
  2946 | D:3      | Found an opulent altar of Gozag.
  2953 | D:3      | Found a faded altar of an unknown god.
  2955 | D:3      | Found a faded altar of an unknown god.
  2957 | D:3      | Found a radiant altar of Vehumet.
  2960 | D:3      | Became a worshipper of Vehumet
  3543 | D:4      | Noticed a phantom
  3545 | D:4      | Noticed an ogre
  3674 | D:4      | Reached skill level 1 in Evocations
  3810 | D:4      | Reached XP level 6. HP: 47/47 MP: 6/10
  3815 | D:4      | Learned a level 4 spell: Fulminant Prism
  3849 | D:4      | Reached skill level 1 in Hexes
  3901 | D:4      | Noticed a wyvern
  3946 | D:5      | Entered Level 5 of the Dungeon
  4569 | D:4      | Mangled by a gnoll

Illustrated notes

Levels and vault maps discovered:
D:1:      dpeg_arrival_simpleton_b, layout_loops_ring
D:2:      layout_basic, serial_shops, shop
D:3:      layout_rooms, mainiacjoe_overflow_catwalk,
          chequers_temple_overflow_minitemple,
          dreamdust_ecumenical_altar_angels_and_demons,
          minmay_shallow_snake_nest
D:4:      layout_loops_corners, nrook_mini_backslash
D:5:      layout_loops_ring, amcnicky_altar_gilded, temple_doors_e,
          uniq_sigmund, uniq_prince_ribbit1, uniq_duvessa

Skill      XL: |  1  2  3  4  5  6 |
---------------+-------------------+-----
Dodging        | 2 3 |  3.1
Stealth        | 2 3 |  3.3
Fighting       | 1 |  1.0
Conjurations   | 5 |  5.4
Evocations     | 1 |  1.8
Hexes          | 1 |  1.6
Spellcasting   | 3 |  3.3

Action                   |  1- 3 |  4- 6 || total
-------------------------+-------+-------++-------
Melee: Dagger            |    12 |     1 ||    13
       Tailslap          |       |     5 ||     5
       Whip              |       |    15 ||    15
Throw: Boomerang         |       |     2 ||     2
       Throwing net      |       |     1 ||     1
 Cast: Magic Dart        |    65 |    81 ||   146
       Searing Ray       |     4 |    11 ||    15
       Fulminant Prism   |       |     5 ||     5
  Use: Scroll            |       |     6 ||     6
 Stab: Sleeping          |     2 |       ||     2
Armor: Skin              |     4 |     3 ||     7
Dodge: Dodged            |     8 |    33 ||    41

Table legend: (Time is in decaauts)
 A = Elapsed time spent in this place.
 B = Non-inter-level travel time spent in this place.
 C = Inter-level travel time spent in this place.
 D = Time resting spent in this place.
 E = Time spent auto-exploring this place.
 F = Levels seen in this place.
 G = Mean time per level.
                   A        B        C        D        E       F      G
               +--------+--------+--------+--------+--------+-----+--------+
         Total |   4575 |   4464 |    111 |   1503 |   2303 |   5 |  915.0 |
       Dungeon |   4575 |   4464 |    111 |   1503 |   2303 |   5 |  915.0 |
               +--------+--------+--------+--------+--------+-----+--------+

Top non-repeatable levels by time:
     D:3: 1840 daAuts
     D:1: 1259 daAuts
     D:4: 697 daAuts
     D:5: 411 daAuts
     D:2: 366 daAuts
